 Dungeon Crawl Stone Soup version 0.27-a0-1188-g73eefd5def (webtiles) character file.

Game seed: 16696883848451200845

48 chippings the Skirmisher (level 3, -1/39 HPs)
             Began as an Ogre Warper on May 21, 2021.
             Slain by a worm (8 damage)
             ... on level 2 of the Dungeon.
             The game lasted 00:01:49 (1434 turns).

chippings the Skirmisher (Ogre Warper)              Turns: 1434, Time: 00:01:49

Health: -1/39      AC:  3    Str: 21    XL:     3   Next: 72%
Magic:  7/7        EV: 10    Int: 14    God:
Gold:   28         SH:  0    Dex:  9    Spells: 8/8 levels left

rFire    . . .     SeeInvis .   a - +0 mace
rCold    . . .     Faith    .   (no shield)
rNeg     . . .     Spirit   .   b - +0 robe
rPois    .         Reflect  .   (helmet restricted)
rElec    .         Harm     .   (no cloak)
rCorr    .         Rampage  .   (gloves unavailable)
Will     .....                  (boots unavailable)
Stlth    +.........             (no amulet)
HPRegen  0.13/turn              i - +6 ring of strength
MPRegen  0.10/turn              (no ring)

@: very slightly contaminated, invisible
A: large, unfitting armour, tough skin 1
a: no special abilities


You were on level 2 of the Dungeon.
You visited 1 branch of the dungeon, and saw 2 of its levels.

You collected 28 gold pieces.

Inventory:

Hand Weapons
 a - a +0 mace (weapon)
Missiles
 e - 5 boomerangs of dispersal (quivered)
 h - 11 poisoned darts
Armour
 b - a +0 robe (worn)
Jewellery
 i - a +6 ring of strength (left hand)
Scrolls
 c - a scroll of identify {unknown}
 d - a scroll of blinking
 f - 2 scrolls of noise {unknown}


   Skills:
 + Level 3.7 Fighting
 + Level 2.4 Maces & Flails
 - Level 1.0 Throwing
 - Level 2.1 Dodging
 - Level 3.0 Spellcasting
 - Level 3.0 Translocations


You had 8 spell levels left.
You didn't know any spells.
Your spell library contained the following spells:

 Spells                   Type           Power      Damage    Failure   Level
 Blink                    Tloc           N/A        N/A       10%         2
 Gell's Gravitas          Tloc           5%         N/A       19%         3
 Lesser Beckoning         Tloc           5%         N/A       19%         3
 Teleport Other           Tloc           10%        N/A       19%         3
 Manifold Assault         Tloc           10%        N/A       86%         5


Dungeon Overview and Level Annotations

Branches:
Dungeon (2/15)

Altars:


Innate Abilities, Weirdness & Mutations

You are too large for most types of armour.
You have tough skin. (AC +1)


Message History

You hit the adder.
The adder is severely wounded.
You feel sick. The adder misses you. x2
You closely miss the adder.
The adder is severely wounded.
You feel sick. The adder bites you.
* * * LOW HITPOINT WARNING * * *
The adder barely misses you.
You barely miss the adder.
The adder is severely wounded.
* * * LOW HITPOINT WARNING * * *
You feel sick. The adder bites you but does no damage.
The adder barely misses you.
It was a potion of invisibility.
You fade into invisibility!
* * * LOW HITPOINT WARNING * * *
You feel sick. The adder bites you but does no damage.
The kobold throws a stone.
The stone hits the adder.
You are very lightly contaminated with residual magic.
It was a potion of curing.
You feel better. The adder bites you but does no damage.
The kobold throws a stone.
The stone hits the adder.
You closely miss the adder.
The adder is severely wounded.
The adder barely misses you. The adder bites you.
* * * LOW HITPOINT WARNING * * *
You thump the adder!
You kill the adder!
You hit the kobold.
You kill the kobold!
You closely miss the hobgoblin.
The hobgoblin hits you but does no damage.
You hit the hobgoblin.
You kill the hobgoblin!
You sock the worm!
The worm is heavily wounded.
You barely miss the worm.
The worm is heavily wounded.
The worm bites you!
You die...

#.########...# ##.#
#...#
#..########...#####
#.##...............
#.##...............
#..................
#.##.##(#)#....####
###.##.##.#.#....#
.........@w..#....#
###...####...#....#
#... #...#....#
#.... .........#
#.# ....##...## #.
.....# #### .
......# .#....##
..#.....


You could see a worm.

Vanquished Creatures
  3 adders (D:2)
  3 ball pythons (D:1)
  An endoplasm (D:2)
  A goblin (D:1)
  3 hobgoblins
  4 jackals (D:1)
  2 kobolds
  A quokka (D:1)
  3 bats (D:1)
  2 rats (D:2)
23 creatures vanquished.

Notes
Turn   | Place    | Note
-------+----------+-------------------------------------------
     0 | D:1      | chippings the Ogre Warper began the quest for the Orb.
     0 | D:1      | Reached XP level 1. HP: 22/22 MP: 3/3
   256 | D:1      | Reached XP level 2. HP: 31/31 MP: 5/5
   886 | D:2      | Reached XP level 3. HP: 18/37 MP: 7/7
  1434 | D:2      | Slain by a worm

Illustrated notes

Levels and vault maps discovered:
D:1:      lightli_arrival_statue_moat, layout_loops_ring
D:2:      layout_loops_cross, chequers_ecumenical_altar_grove, basic_altar,
          grunt_ministairs_7, minmay_tetromino_o2

Skill      XL: |  1  2  3 |
---------------+----------+-----
Fighting       | 3 |  3.7
Maces & Flails | 2 |  2.4
Translocations | 3 |  3.0
Spellcasting   | 3 |  3.0
Throwing       | |  1.0
Dodging        | |  2.1

Action                   || total
-------------------------++-------
Melee: Mace              ||    86
  Use: Potion            ||     2
Armor: Robe              ||    42
Dodge: Dodged            ||    62

Table legend: (Time is in decaauts)
 A = Elapsed time spent in this place.
 B = Non-inter-level travel time spent in this place.
 C = Inter-level travel time spent in this place.
 D = Time resting spent in this place.
 E = Time spent auto-exploring this place.
 F = Levels seen in this place.
 G = Mean time per level.
                   A        B        C        D        E       F      G
               +--------+--------+--------+--------+--------+-----+--------+
         Total |   1458 |   1438 |     20 |      0 |   1175 |   2 |  729.0 |
       Dungeon |   1458 |   1438 |     20 |      0 |   1175 |   2 |  729.0 |
               +--------+--------+--------+--------+--------+-----+--------+

Top non-repeatable levels by time:
     D:1: 893 daAuts
     D:2: 565 daAuts
